 Dungeon Crawl Stone Soup version 0.27-a0-890-ged2907cb04 (webtiles) character file.

Game seed: 10909824439039217296

9991 Kakkamies the Spear-Bearer (level 11, -3/76 HPs)
             Began as a Formicid Fighter on Apr 5, 2021.
             Was a Follower of Hepliaklqana.
             Succumbed to Sonja's poison
             ... on level 11 of the Dungeon.
             The game lasted 00:52:18 (14448 turns).

Kakkamies the Spear-Bearer (Formicid Fighter)      Turns: 14448, Time: 00:52:19

Health: -3/76      AC: 15    Str: 22    XL:     11   Next: 84%
Magic:  6/11       EV:  8    Int:  7    God:    Hepliaklqana [*.....]
Gold:   341        SH: 12    Dex: 13    Spells: 10/10 levels left

rFire    . . .     SeeInvis +   O - +1 glaive (vorpal)
rCold    . . .     Faith    .   c - +0 kite shield
rNeg     . . .     Spirit   +   x - +0 plate armour
rPois    .         Reflect  .   (helmet unavailable)
rElec    .         Harm     .   n - scarf {repulsion}
rCorr    .         Rampage  .   (no gloves)
Will     +....                  J - +0 pair of boots {Fly}
Stlth    ..........             w - amulet of guardian spirit
HPRegen  0.22/turn              B - ring of see invisible
MPRegen  0.12/turn              (no ring)

@: lethally poisoned (-3 -> -35), flying, repel missiles
A: reduced essence, permanent stasis, dig shafts and tunnels, antennae 3, four
strong arms
a: Dig, Shaft Self, Renounce Religion, Recall Ancestor, Ancestor Identity


You were on level 11 of the Dungeon.
You worshipped Hepliaklqana.
Hepliaklqana was aware of your devotion.
You visited 2 branches of the dungeon, and saw 12 of its levels.
You also visited: Ossuary.

You collected 566 gold pieces.
You spent 225 gold pieces at shops.

Inventory:

Hand Weapons
 e - a +0 shortbow
 u - a +0 vorpal war axe
 E - a +0 hand crossbow
 G - a +4 spear
 H - a +3 spear of freezing
 I - a +0 vorpal shortbow
 L - a +0 halberd
 O - a +1 vorpal glaive (weapon)
Missiles
 d - 19 boomerangs
 f - a curare-tipped dart
 g - 3 datura-tipped darts
 h - 366 stones
 s - 49 poisoned darts
 y - 125 arrows
 F - 64 bolts
Armour
 c - a +0 kite shield (worn)
 n - a scarf of repulsion (worn)
 x - a +0 plate armour (worn)
 A - the +0 ring mail of Hide-and-Seek {Rampage Str+3 Slay+2 Stlth+}
   (You found it on level 5 of the Dungeon)

   It affects your strength (+3).
   It affects your accuracy and damage with ranged weapons and melee attacks
   (+2).
   It bestows one free step when moving towards enemies.
   It makes you more stealthy.
 J - a +0 pair of boots of flying (worn)
 Q - a +0 ring mail of fire resistance
Jewellery
 w - an amulet of guardian spirit (around neck)
 B - a ring of see invisible (left hand)
 N - an amulet of magic regeneration
Wands
 l - a wand of flame (4)
 v - a wand of random effects (12)
 C - a wand of digging (6)
Scrolls
 j - a scroll of identify
 k - 3 scrolls of magic mapping
 t - 3 scrolls of fog
 D - a scroll of immolation
Potions
 a - a potion of brilliance
 b - 3 potions of ambrosia
 i - a potion of cancellation
 m - 2 potions of attraction
 p - 2 potions of magic
 K - a potion of lignification
Miscellaneous
 M - a phial of floods


   Skills:
 * Level 7.7 Fighting
 - Level 1.8(7.0) Axes
 * Level 10.5(10.6) Polearms
 * Level 9.7 Armour
 * Level 5.2 Dodging
 * Level 10.1 Shields
 + Level 0.5 Evocations


You had 10 spell levels left.
You didn't know any spells.
Your spell library contained the following spells:

 Spells                   Type           Power      Damage    Failure   Level
 Animate Skeleton         Necr           0%         N/A       100%        1
 Magic Dart               Conj           0%         1d3       100%        1
 Pain                     Necr           0%         1d4       100%        1
 Call Imp                 Summ           0%         N/A       100%        2
 Slow                     Hex            0%         N/A       100%        2
 Conjure Flame            Conj/Fire      0%         6-21      100%        3
 Mephitic Cloud           Conj/Pois/Air  0%         N/A       100%        3
 Vampiric Draining        Necr           0%         2d6       100%        3
 Animate Dead             Necr           0%         N/A       100%        4
 Agony                    Necr           0%         N/A       100%        5
 Blink                    Tloc           Unusable   N/A       N/A         2

Dungeon Overview and Level Annotations

Branches:
Dungeon (11/15)            Temple (1/1) D:6             Orc (0/2) D:10
Ossuary (visited)
   Lair: D:8-11

Altars:
Ashenzari
Cheibriados
Elyvilon
Fedhas
Gozag
Hepliaklqana
Kikubaaqudgha
Makhleb
Nemelex Xobeh
Okawaru
Qazlal
Ru
Sif Muna
Trog
Uskayaw
Vehumet
Xom
Yredelemnul
Zin
The Shining One

Shops:
D:5 *==   D:9 =

Annotations:
D:7 1 runed translucent door
D:10 2 runed translucent doors
D:11 Sonja


Innate Abilities, Weirdness & Mutations

Your life essence is reduced to manifest your ancestor. (-10% HP)
You cannot be hasted, slowed, berserked, paralysed or teleported.
You can dig through walls and to a lower floor.
You have a pair of large antennae on your head. (SInv)
Your four strong arms can wield two-handed weapons with a shield.


Message History

Unknown command.
You feel very sick.
Reach: O) +1 glaive (vorpal)
Press: ? - help, Dir - move target, f/p - Sonja
Aim: Sonja, wielding a +2 dagger of venom and quivering curare-tipped darts (lightly wounded, ally target, about 91% to evade your +1 vorpal glaive)
You reach to attack!
You barely miss Sonja.
Sonja is lightly wounded.
You feel very sick.
Yadidatum completely misses Sonja.
Sonja hits you but does no damage. x3
You are more poisoned.
Reach: O) +1 glaive (vorpal)
Press: ? - help, Dir - move target, f/p - Sonja
Aim: Sonja, wielding a +2 dagger of venom and quivering curare-tipped darts (lightly wounded, ally target, about 87% to evade your +1 vorpal glaive)
You miss Sonja.
Sonja is lightly wounded.
* * * LOW HITPOINT WARNING * * *
You feel very sick.
Yadidatum closely misses Sonja.
Sonja hits you with a +2 dagger of venom.
* * * LOW HITPOINT WARNING * * *
You are lethally poisoned!
Sonja hits you but does no damage.
You are more poisoned.
You block Sonja's attack.
Unknown command.
Okay, then.
You closely miss Sonja.
Sonja is lightly wounded.
* * * LOW HITPOINT WARNING * * *
You feel extremely sick.
Sonja hits you with a +2 dagger of venom.
* * * LOW HITPOINT WARNING * * *
Sonja barely misses you. You block Sonja's attack.
Yadidatum hits Sonja!
Sonja hits you but does no damage.
You are more poisoned.
You block Sonja's attack. Sonja closely misses you.
Yadidatum completely misses Sonja.
You completely miss Sonja.
Sonja is moderately wounded.
You die...

#.#.# #?#.# #.#.####
#......# #......#
.##########...)..#..
....................
###.......#####.
#..@R..># #...K...#
#.......# #.......#
#.......# #.......#
#.).....# #########


You could see the friendly Yadidatum the ancestor and Sonja (ally target).

Vanquished Creatures
  A hydra (D:11)
  3 two-headed ogres
  A manticore (D:10)
  A centaur zombie (D:10)
  Joseph (D:8)
  A troll (D:10)
  7 yaks
  2 wraiths (D:10)
  A vampire (D:11)
  2 water moccasins
  A sky beast (D:6)
  2 ice beasts
  A black bear (D:7)
  5 orc warriors
  2 necrophages
  3 centaurs
  2 phantoms
  2 kobold brigands
  A gnoll sergeant (D:5)
  3 bullfrogs
  An elf zombie (Ossuary)
  4 scorpions
  A wyvern skeleton (D:6)
  A wyvern zombie (D:7)
  A howler monkey (D:9)
  2 centaur skeletons
  7 orc priests
  2 jellies
  Jessica (D:2)
  3 iguanas
  Natasha (thrice) (D:2)
  6 orc wizards
  3 hound zombies (Ossuary)
  A hound skeleton (D:5)
  4 mummies (Ossuary)
  A howler monkey skeleton (D:5)
  5 gnolls (D:6)
  8 adders
  A shadow imp (D:6)
  An ufetubus (D:4)
  An adder skeleton (D:4)
  2 dart slugs
  36 orcs
  8 endoplasms
  5 giant cockroaches
  6 hobgoblins
  9 jackals
  15 kobolds
  3 quokkas
  7 ball pythons
  6 bats
  5 frilled lizards
  10 goblins
  3 goblin zombies (Ossuary)
  A hobgoblin zombie (Ossuary)
  2 jackal zombies (Ossuary)
  A kobold zombie (Ossuary)
  An orc zombie (Ossuary)
  6 rats
225 creatures vanquished.

Vanquished Creatures (collateral kills)
  A two-headed ogre (D:9)
  A yak (D:9)
  A water moccasin (D:8)
  An orc warrior (D:9)
  A kobold brigand (D:8)
  A bullfrog (D:9)
  An electric eel (D:9)
  A gnoll shaman (D:9)
  An orc wizard (D:9)
  2 gnolls (D:9)
  9 orcs (D:10)
  2 goblins (D:11)
  2 kobolds
24 creatures vanquished.

Vanquished Creatures (others)
  8 ancestors
  A gnoll (D:9)
9 creatures vanquished.

Grand Total: 258 creatures vanquished

Notes
Turn   | Place    | Note
-------+----------+-------------------------------------------
     0 | D:1      | Kakkamies the Formicid Fighter began the quest for the Orb.
     0 | D:1      | Reached XP level 1. HP: 18/18 MP: 1/1
   161 | D:1      | Reached XP level 2. HP: 5/24 MP: 2/2
   789 | D:1      | Reached XP level 3. HP: 29/30 MP: 3/3
  1216 | D:2      | Noticed Natasha
  1347 | D:2      | Found a faded altar of an unknown god.
  1347 | D:2      | Noticed Jessica
  1518 | D:2      | Reached XP level 4. HP: 37/37 MP: 4/4
  1648 | D:2      | Killed Natasha
  2073 | D:2      | Killed Jessica
  2074 | D:2      | Reached XP level 5. HP: 41/42 MP: 5/5
  2121 | D:2      | Noticed Natasha
  2129 | D:2      | Killed Natasha
  2130 | D:2      | Reached skill level 5 in Shields
  2153 | D:2      | Noticed Natasha
  2156 | D:2      | Killed Natasha
  2245 | D:2      | Reached XP level 6. HP: 48/48 MP: 6/6
  2671 | D:3      | Reached skill level 1 in Dodging
  2952 | D:3      | Found a sacrificial altar of Ru.
  2966 | D:3      | Became a worshipper of Ru the Awakened
  3589 | D:4      | Reached XP level 7. HP: 34/54 MP: 5/7
  3914 | D:5      | Entered Level 5 of the Dungeon
  3959 | D:5      | Found a sand-covered staircase.
  3969 | Ossuary  | Entered an ossuary
  4132 | Ossuary  | Reached skill level 1 in Axes
  4132 | Ossuary  | Reached skill level 5 in Armour
  4512 | D:5      | Found Kuixzoly's Jewellery Shop.
  4584 | D:5      | Reached XP level 8. HP: 61/61 MP: 8/8
  4672 | D:5      | Reached skill level 5 in Polearms
  4752 | D:5      | Identified the +0 ring mail of Hide-and-Seek {Rampage Str+3
                  | Slay+2 Stlth+}
  4776 | D:5      | Found Buuwa's Jewellery Emporium.
  4789 | D:5      | Bought a ring of see invisible for 225 gold pieces
  4995 | D:5      | Found a shimmering blue altar of Sif Muna.
  5793 | D:5      | Found Gaps's General Store.
  5806 | D:5      | Found a broken altar of Ashenzari.
  6321 | D:6      | Reached skill level 5 in Fighting
  6321 | D:6      | Reached XP level 9. HP: 68/68 MP: 9/9
  6390 | D:6      | Found a staircase to the Ecumenical Temple.
  6412 | Temple   | Entered the Ecumenical Temple
  8640 | D:7      | Identified the +1 robe "Tiboz" {Rampage rPois SInv}
  8714 | D:7      | Found a runed translucent door.
  9051 | D:8      | Noticed a two-headed ogre
  9177 | D:8      | Noticed Joseph
  9219 | D:8      | Killed Joseph
  9550 | D:8      | Reached XP level 10. HP: 75/75 MP: 10/10
 10318 | D:8      | Found a stormy altar of Qazlal.
 10518 | D:8      | Found a hazy altar of Hepliaklqana.
 10523 | D:8      | Fell from the grace of Ru
 10523 | D:8      | Became a worshipper of Hepliaklqana the Forgotten
 10545 | D:8      | Killed a two-headed ogre
 10678 | D:8      | Found a burning altar of Makhleb.
 11406 | D:9      | Found a radiant altar of Vehumet.
 11406 | D:9      | Found an iron altar of Okawaru.
 11414 | D:9      | Found an opulent altar of Gozag.
 11416 | D:9      | Found a white marble altar of Elyvilon.
 11418 | D:9      | Found a faded altar of an unknown god.
 11533 | D:9      | Found a glowing golden altar of the Shining One.
 11577 | D:9      | Found Koredd's Jewellery Emporium.
 11579 | D:9      | Noticed a two-headed ogre
 11615 | D:9      | Killed a two-headed ogre
 12004 | D:9      | Reached * piety under Hepliaklqana
 12272 | D:9      | Reached XP level 11. HP: 74/74 MP: 11/11
 12692 | D:10     | Entered Level 10 of the Dungeon
 12812 | D:10     | Noticed a manticore
 13019 | D:10     | Killed a manticore
 13255 | D:10     | Found a large runed translucent door.
 13259 | D:10     | Found a large runed translucent door.
 13395 | D:10     | Noticed a two-headed ogre
 13402 | D:10     | Killed a two-headed ogre
 13403 | D:10     | Reached skill level 10 in Polearms
 13707 | D:10     | Reached skill level 5 in Dodging
 13769 | D:10     | Found a staircase to the Orcish Mines.
 14101 | D:11     | Noticed a four-headed hydra
 14124 | D:11     | Killed a four-headed hydra
 14125 | D:11     | Reached skill level 10 in Shields
 14189 | D:11     | Found an iron altar of Okawaru.
 14312 | D:11     | Noticed a two-headed ogre
 14319 | D:11     | Killed a two-headed ogre
 14433 | D:11     | Noticed Sonja
 14448 | D:11     | Succumbed to Sonja's poison

Illustrated notes

Levels and vault maps discovered:
D:1:      dpeg_arrival_lava_temple_mockup, layout_loops_ring,
          minmay_misc_feat_tower, minmay_small_reverse_x
D:2:      layout_rooms, basic_ecumenical_altar, kennysheep_generic_room_15,
          uniq_jessica, uniq_natasha
D:3:      layout_rooms, amcnicky_altar_gilded
D:4:      layout_rooms
D:5:      layout_basic, general_overflow_altar, lemuel_blue_sif_altar,
          serial_shops, kennysheep_mini, nicolae_shop_waterfront,
          nicolae_shop_window_shopping, nicolae_ossuary_entry_plus,
          nicolae_zen_rock_garden
D:6:      layout_loops_cross, minmay_temple_entry_proselytizer,
          kennysheep_pointless_box
D:7:      layout_rooms, lightli_church_of_beogh
D:8:      layout_basic, nicolae_qazlal_general_emergency,
          nicolae_overflow_crystal_walls, kennysheep_little_box, uniq_joseph
D:9:      layout_grid_maze, chequers_temple_overflow_minitemple,
          nicolae_overflow_hidden_temple, serial_shops, nicolae_shop_waterfront,
          serial_bayou_pond_c
D:10:     layout_small_grid, jmf_multi_god_temple2, hiddenorc1_lemuel
D:11:     layout_basic, lair_entry_dummy, kennysheep_okawaru_gauntlet,
          uniq_sonja, uniq_grum
Temple:   compressed_dpeg_triangle_lava_temple

Skill      XL: |  1  2  3  4  5  6  7  8  9 10 11 |
---------------+----------------------------------+-----
Shields        | 4 5 6 7 8 9 10 | 10.1
Polearms       | 3 4 6 7 9 10 | 10.5
Armour         | 4 5 7 8 9 |  9.7
Dodging        | 1 2 3 4 5 |  5.2
Fighting       | 4 5 6 7 |  7.7
Axes           | 1 |  1.8
Evocations     | |  0.5

Action                   |  1- 3 |  4- 6 |  7- 9 | 10-12 || total
-------------------------+-------+-------+-------+-------++-------
Melee: Trident           |   133 |   167 |   304 |       ||   604
       War axe           |       |       |    17 |       ||    17
       Spear             |       |       |   233 |   235 ||   468
       Glaive            |       |       |       |   115 ||   115
Throw: Dart              |       |     1 |     2 |    19 ||    22
       Stone             |       |       |     2 |       ||     2
Invok: Ancestor Identity |       |       |       |     2 ||     2
Evoke: Wand              |       |       |    16 |     1 ||    17
  Use: Potion            |     1 |       |     2 |     2 ||     5
       Scroll            |       |       |     9 |     8 ||    17
 Stab: Distracted        |       |       |       |     3 ||     3
Armor: Scale mail        |    54 |    48 |     1 |       ||   103
       Plate armour      |       |       |   261 |    89 ||   350
Dodge: Dodged            |    44 |    48 |   110 |    55 ||   257
       Repelled          |       |       |     2 |     1 ||     3
Block: Kite shield       |    65 |    75 |   254 |   135 ||   529

Table legend: (Time is in decaauts)
 A = Elapsed time spent in this place.
 B = Non-inter-level travel time spent in this place.
 C = Inter-level travel time spent in this place.
 D = Time resting spent in this place.
 E = Time spent auto-exploring this place.
 F = Levels seen in this place.
 G = Mean time per level.
                   A        B        C        D        E       F      G
               +--------+--------+--------+--------+--------+-----+--------+
         Total |  14520 |  13627 |    893 |   4216 |   6171 |  13 | 1116.9 |
       Dungeon |  13643 |  12760 |    883 |   4216 |   5648 |  11 | 1240.3 |
        Temple |    382 |    372 |     10 |      0 |    352 |   1 |  382.0 |
       Ossuary |    494 |    494 |      0 |      0 |    171 |   1 |  494.0 |
               +--------+--------+--------+--------+--------+-----+--------+

Top non-repeatable levels by time:
     D:5: 2172 daAuts
     D:9: 1883 daAuts
     D:1: 1870 daAuts
     D:8: 1520 daAuts
     D:6: 1447 daAuts
     D:7: 1273 daAuts
    D:10: 959 daAuts
     D:2: 846 daAuts
     D:4: 753 daAuts
     D:3: 545 daAuts
 Ossuary: 494 daAuts
  Temple: 382 daAuts
    D:11: 370 daAuts
